 Dungeon Crawl Stone Soup version 0.27-a0-328-g7f782ed93a (webtiles) character file.

Game seed: 12959985111630436019

1204 CurlyBrace the Skirmisher (level 8, -18/40 HPs)
             Began as a Felid Summoner on Feb 11, 2021.
             Was a Believer of Cheibriados.
             Demolished by a white ugly thing (25 damage)
             ... on level 12 of the Dungeon.
             The game lasted 00:55:05 (4025 turns).

CurlyBrace the Skirmisher (Felid Summoner)          Turns: 4025, Time: 00:55:06

Health: -18/40     AC: 12    Str:  9    XL:     8   Next: 21%
Magic:  22/22      EV: 27    Int: 23    God:    Cheibriados [**....]
Gold:   329        SH:  0    Dex: 20    Spells: 9/13 levels left
                                        Lives:  0   Deaths: 2

rFire    . . .     SeeInvis +     - Unarmed
rCold    . . .     Faith    .   (shield unavailable)
rNeg     + + +     Spirit   .   (armour unavailable)
rPois    +         Reflect  .   (helmet unavailable)
rElec    .         Harm     .   (cloak unavailable)
rCorr    .         Rampage  .   (gloves unavailable)
Will     +....                  (boots unavailable)
Stlth    ++++......             (no amulet)
HPRegen  0.13/turn              d - ring of magical power
MPRegen  0.18/turn              j - +4 ring of slaying

@: fungus-form, very slow
A: tiny, no armour, no weapons or thrown items, stealth, see invisible, no
potion heal 1
a: Renounce Religion, Bend Time


You were on level 12 of the Dungeon.
You worshipped Cheibriados.
Cheibriados was pleased with you.
You were a sentient fungus.
You visited 2 branches of the dungeon, and saw 13 of its levels.

You collected 329 gold pieces.

Inventory:

Jewellery
 d - a ring of magical power (left hypha)
   (You found it on level 1 of the Dungeon)
 j - a +4 ring of slaying (right hypha)
   (You found it on level 9 of the Dungeon)
Wands
 a - a wand of flame (7)
   (You took it off Dowan on level 6 of the Dungeon)
 e - a wand of polymorph (7)
   (You found it on level 8 of the Dungeon)
 v - a wand of digging (3)
   (You took it off Grinder on level 5 of the Dungeon)
Scrolls
 b - a scroll of amnesia
 f - a scroll of silence
Potions
 c - a potion of brilliance
 h - a potion of haste


   Skills:
 * Level 7.7 Fighting
 + Level 7.1 Dodging
 + Level 7.4 Stealth
 * Level 7.6 Unarmed Combat
 + Level 3.0 Spellcasting
 - Level 4.0 Summonings
 + Level 0.0 Transmutations
 - Level 1.0 Evocations


You had 9 spell levels left.
You knew the following spells:

 Your Spells              Type           Power        Failure   Level
a - Beastly Appendage     Tmut           6%           12%         1
b - Summon Small Mammal   Summ           84%          2%          1
c - Call Imp              Summ           21%          3%          2

Your spell library contained the following spells:

 Spells                   Type           Power        Failure   Level
 Call Canine Familiar     Summ           21%          7%          3
 Summon Guardian Golem    Hex/Summ       12%          16%         3
 Wereblood                Tmut           3%           17%         2
 Spider Form              Tmut/Pois      1%           34%         3
 Summon Ice Beast         Ice/Summ       12%          45%         4
 Summon Lightning Spire   Summ/Air       12%          45%         4
 Ice Form                 Ice/Tmut       3%           75%         4
 Blade Hands              Tmut           1%           97%         5


Dungeon Overview and Level Annotations

Branches:
Dungeon (12/15)            Temple (1/1) D:7
   Lair: D:8-11         Orc: D:9-12

Altars:
Ashenzari
Cheibriados
Dithmenos
Elyvilon
Fedhas
Gozag
Hepliaklqana
Kikubaaqudgha
Makhleb
Nemelex Xobeh
Okawaru
Qazlal
Ru
Sif Muna
Trog
Uskayaw
Vehumet
Wu Jian
Xom
Yredelemnul
Zin
The Shining One

Shops:
D:4 *   D:9 :

Annotations:
D:3 1 runed translucent door, Ijyb; mecharm's ghost, amateur HuGl
D:4 Natasha
D:5 exclusion: downstairs
D:8 exclusions: 2 downstairs and zombie
D:9 exclusions: obsidian statue and troll
D:12 exclusions: ugly thing and upstairs


Innate Abilities, Weirdness & Mutations

You cannot wear armour.
You are incapable of wielding weapons or throwing items.
Your paws allow you to move quietly. (Stealth)
((You have sharp claws.))
((You have razor-sharp teeth.))
You have supernaturally acute eyesight. (SInv)
((You cover ground quickly.))
((Your thick and shaggy fur keeps you warm. (AC +3, rC+)))
((Your sharp claws are effective at attacking unaware monsters.))
((You are partially covered in thin metallic scales. (AC +2)))
Potions are less effective at restoring your health.


Message History

There is a stone staircase leading down here.
The iguana barely misses you.
You climb downwards.
There is a stone staircase leading up here.
You claw the iguana!
You kill the iguana!
Cheibriados appreciates the change of pace.
No target in view!
No target in view!
Press: ? - help, v - describe, . - travel A stone staircase leading up.
Placed new exclusion.
Reduced exclusion size to a single square.
Unknown command.
Found 21 gold pieces.
Found a stone staircase leading down.
You see here an iguana corpse.
A white ugly thing comes into view.
Press: ? - help, v - describe, . - travel
Here: a white ugly thing (asleep)
The floor.
Placed new exclusion.
Unknown command.
Okay, then.
Okay, then.
Okay, then.
The helpless white ugly thing fails to defend itself.
You eviscerate the white ugly thing!!!
The white ugly thing is severely wounded.
The white ugly thing tentacle-slaps you!
The white ugly thing freezes you! You resist.
Unknown command.
Aiming: Polymorph
Press: ? - help, Shift-Dir - straight line, f - you That beam is likely to hit you.
Continue anyway?
You turn into a sentient fungus.
The white ugly thing tentacle-slaps you!
* * * LOW HITPOINT WARNING * * *
The white ugly thing freezes you!!
Ouch! That really hurt!
You die...

####### #.....#
#u..$.# #.f...#
######.....##
#..<†......>...
#####......####
..........
.#.########
#.#.. # ###


You could see a white ugly thing.

Vanquished Creatures
  Psyche (D:8)
  A troll (D:9)
  Grinder (D:5)
  Sigmund (D:6)
  An ice beast (D:8)
  A necrophage (D:9)
  A black bear (D:8)
  3 ogres
  3 centaurs
  4 bullfrogs
  A scorpion (D:6)
  3 wights (D:7)
  A howler monkey (D:8)
  A quasit (D:9)
  A bullfrog zombie (D:9)
  3 hounds
  3 jellies
  An orc priest (D:6)
  3 iguanas
  2 orc wizards (D:6)
  3 worker ants
  A killer bee zombie (D:8)
  A hound skeleton (D:6)
  A gnoll (D:8)
  3 adders
  2 oozes
  An adder zombie (D:6)
  An adder skeleton (D:5)
  A dart slug (D:4)
  3 leopard geckos
  9 orcs
  3 giant cockroaches
  A goblin (D:3)
  A hobgoblin (D:2)
  8 jackals
  4 kobolds (D:1)
  3 bats
  A frilled lizard (D:2)
  A jackal skeleton (D:6)
  2 rats
86 creatures vanquished.

Vanquished Creatures (collateral kills)
  A water moccasin (D:8)
  Duvessa (D:6)
  A bullfrog (D:6)
  Dowan (D:6)
  A water moccasin skeleton (D:4)
  A scorpion (D:8)
  A wight (D:7)
  A bullfrog zombie (D:5)
  A centaur skeleton (D:8)
  2 hounds (D:5)
  A jelly (D:6)
  A bullfrog skeleton (D:4)
  An orc wizard (D:5)
  3 worker ants
  An iguana (D:5)
  A hound zombie (D:5)
  3 gnolls (D:8)
  2 adders
  2 shadow imps
  A white imp (D:8)
  2 ufetubi
  A worm (D:5)
  2 dart slugs
  5 orcs
  A goblin (D:1)
  A hobgoblin (D:1)
  2 kobolds (D:2)
  A quokka (D:2)
  A frilled lizard (D:5)
43 creatures vanquished.

Grand Total: 129 creatures vanquished

Notes
Turn   | Place    | Note
-------+----------+-------------------------------------------
     0 | D:1      | CurlyBrace the Felid Summoner began the quest for the Orb.
     0 | D:1      | Reached XP level 1. HP: 7/7 MP: 4/4
     2 | D:1      | Noticed a halfling
     4 | D:1      | Noticed a formicid
     6 | D:1      | Noticed a demigod
     6 | D:1      | Noticed a minotaur
     8 | D:1      | Noticed a draconian
     8 | D:1      | Noticed a gargoyle
    10 | D:1      | Noticed a demonspawn
    10 | D:1      | Noticed a dwarf
    12 | D:1      | Noticed a centaur
    12 | D:1      | Noticed a naga
    14 | D:1      | Noticed an ogre
    16 | D:1      | Noticed a vine stalker
    16 | D:1      | Noticed a vampire
    18 | D:1      | Noticed a ghoul
    20 | D:1      | Noticed a spriggan
    20 | D:1      | Noticed a troll
    22 | D:1      | Noticed an octopode
    22 | D:1      | Noticed a tengu
    24 | D:1      | Noticed a merfolk
    24 | D:1      | Noticed a felid
    26 | D:1      | Noticed an elf
    26 | D:1      | Noticed a human
   286 | D:2      | Found a blossoming altar of Fedhas.
   307 | D:2      | Reached XP level 2. HP: 6/12 MP: 4/6
   338 | D:1      | Reached skill level 1 in Unarmed Combat
   372 | D:1      | Reached skill level 1 in Fighting
   515 | D:3      | Found a runed translucent door.
   516 | D:3      | Noticed mecharm's ghost (amateur HuGl)
   545 | D:3      | Reached XP level 3. HP: 8/15 MP: 7/7
   551 | D:3      | Noticed Ijyb
   746 | D:4      | Noticed Natasha
   779 | D:4      | Reached XP level 4. HP: 14/19 MP: 7/8
   862 | D:5      | Entered Level 5 of the Dungeon
   879 | D:4      | Found Kanar's General Store.
  1010 | D:5      | Learned a level 2 spell: Call Imp
  1084 | D:5      | Reached XP level 5. HP: 6/24 MP: 9/9
  1220 | D:5      | HP: 1/24 [ufetubus (4)]
  1341 | D:6      | Noticed an ogre
  1352 | D:5      | Noticed an ogre
  1377 | D:5      | Killed an ogre
  1378 | D:5      | Reached skill level 1 in Evocations
  1449 | D:5      | Gained mutation: You are covered in thick fur. (AC +2)
                  | [Felid growth]
  1449 | D:5      | Reached XP level 6. HP: 11/28 MP: 10/10
  1550 | D:5      | Noticed Grinder
  1593 | D:5      | Killed Grinder
  1635 | D:6      | Found a hide-covered altar of Uskayaw.
  1638 | D:6      | Noticed a +0 dagger
  1639 | D:6      | Noticed a +0 hand axe
  1666 | D:6      | Noticed Sigmund
  1672 | D:6      | Killed Sigmund
  1673 | D:6      | Reached XP level 7. HP: 10/33 MP: 12/12
  2185 | D:6      | Found a shimmering blue altar of Sif Muna.
  2187 | D:6      | Reached skill level 5 in Fighting
  2187 | D:6      | Reached skill level 5 in Unarmed Combat
  2197 | D:6      | Reached skill level 5 in Stealth
  2241 | D:6      | Noticed Duvessa
  2241 | D:6      | Noticed Dowan
  2281 | D:6      | Killed Duvessa
  2282 | D:6      | Reached skill level 5 in Dodging
  2282 | D:6      | Reached XP level 8. HP: 27/37 MP: 7/13
  2329 | D:6      | Killed Dowan
  2839 | D:7      | Found a staircase to the Ecumenical Temple.
  2845 | Temple   | Entered the Ecumenical Temple
  2885 | Temple   | Became a worshipper of Cheibriados the Contemplative
  2983 | D:7      | Slain by an orc warrior
  2984 | D:7      | Reached XP level 7. HP: -5/34 MP: 1/21
  2997 | D:9      | Noticed a troll
  3135 | D:8      | Noticed Psyche
  3149 | D:8      | Killed Psyche
  3150 | D:8      | Reached XP level 8. HP: 22/39 MP: 13/13
  3200 | D:9      | Noticed a troll
  3226 | D:8      | Reached * piety under Cheibriados
  3395 | D:10     | Entered Level 10 of the Dungeon
  3649 | D:8      | Found a sparkling altar of Nemelex Xobeh.
  3734 | D:9      | Found Ibaucloi's Book Shoppe.
  3742 | D:9      | Reached ** piety under Cheibriados
  3776 | D:9      | Gained mutation: Potions are less effective at restoring
                  | your health. [potion of mutation]
  3776 | D:9      | Gained mutation: Your thick and shaggy fur keeps you warm.
                  | (AC +3, rC+) [potion of mutation]
  3776 | D:9      | Gained mutation: You are partially covered in thin metallic
                  | scales. (AC +2) [potion of mutation]
  3798 | D:9      | Noticed an obsidian statue
  3821 | D:9      | Noticed a hellwing
  3855 | D:9      | Reached XP level 9. HP: 33/43 MP: 14/14
  3901 | D:9      | Killed a troll
  3931 | D:9      | You fall into a shaft and drop 3 floors!
  3954 | D:12     | Learned a level 1 spell: Beastly Appendage
  3997 | D:11     | Slain by an iguana
  3998 | D:11     | Reached XP level 8. HP: -1/40 MP: 22/22
  4011 | D:11     | Noticed a cyclops
  4012 | D:11     | Noticed a brown ugly thing
  4021 | D:12     | Noticed a white ugly thing
  4025 | D:12     | Demolished by a white ugly thing

Illustrated notes

Levels and vault maps discovered:
D:1:      kb_arrival_jail, layout_basic, minmay_tall_x
D:2:      minmay_skewed_foursquare, layout_basic, fedhas_altar_2
D:3:      layout_basic, chequers_ecumenical_altar_simple_redux,
          gammafunk_ghost_grave, grunt_ministairs_1, kennysheep_big_empty_room,
          makhleb_blood_cavern_becter, uniq_ijyb
D:4:      layout_basic, serial_shops, shop_fountains, grunt_ministairs_9,
          uniq_natasha, uniq_crazy_yiuf_cottage
D:5:      layout_loops_ring, serial_glass, glass_columns_a, glass_columns_c,
          minmay_curled_crystal, uniq_grinder
D:6:      layout_gridville, dancing_weapons_uskayaw, led_sif_book, uniq_sigmund,
          uniq_duvessa
D:7:      layout_basic, temple_green
D:8:      layout_gridville, nemelex_xobeh_ov_fountains_minmay, uniq_psyche
D:9:      layout_layer_cave, serial_shops, shop, minivault_23, minivault_16,
          kennysheep_generic_room_14, uniq_pikel
D:10:     layout_small_grid, erik_orc_4, chequers_serial_rivers_room_b,
          uniq_harold, uniq_maggie
D:11:     cheibrodos_frozen_isle, layout_cave_pools, minmay_lair_entry_grove
D:12:     layout_basic
Temple:   kilobyte_greek_temple

Skill      XL: |  1  2  3  4  5  6  7  8  9 |
---------------+----------------------------+-----
Unarmed Combat | 1 2 3 4 6 7 |  7.6
Dodging        | 3 4 6 7 |  7.1
Fighting       | 1 2 3 4 6 7 |  7.7
Stealth        | 3 4 6 7 |  7.4
Evocations     | 1 |  1.0
Spellcasting   | 3 |  3.0
Summonings     | |  4.0

Action                   |  1- 3 |  4- 6 |  7- 9 || total
-------------------------+-------+-------+-------++-------
Melee: Unarmed           |    66 |    37 |   184 ||   287
       Bite              |     7 |     4 |    16 ||    27
       Punch             |       |       |     5 ||     5
 Cast: Summon Small Mamm |    38 |    42 |    34 ||   114
       Call Imp          |       |    24 |    74 ||    98
Evoke: Wand              |       |    24 |    10 ||    34
  Use: Scroll            |     3 |     5 |     5 ||    13
       Potion            |     1 |     3 |     8 ||    12
 Stab: Sleeping          |     6 |     7 |    28 ||    41
       Paralysed         |       |     1 |       ||     1
       Distracted        |       |       |     1 ||     1
Armor: Skin              |     3 |     1 |    12 ||    16
Dodge: Dodged            |    50 |    39 |   180 ||   269

Table legend: (Time is in decaauts)
 A = Elapsed time spent in this place.
 B = Non-inter-level travel time spent in this place.
 C = Inter-level travel time spent in this place.
 D = Time resting spent in this place.
 E = Time spent auto-exploring this place.
 F = Levels seen in this place.
 G = Mean time per level.
                   A        B        C        D        E       F      G
               +--------+--------+--------+--------+--------+-----+--------+
         Total |   3710 |   3560 |    150 |     11 |      0 |  13 |  285.4 |
       Dungeon |   3636 |   3525 |    111 |     11 |      0 |  12 |  303.0 |
        Temple |     73 |     34 |     39 |      0 |      0 |   1 |   73.0 |
               +--------+--------+--------+--------+--------+-----+--------+

Top non-repeatable levels by time:
     D:8: 761 daAuts
     D:5: 574 daAuts
     D:6: 526 daAuts
     D:7: 498 daAuts
     D:4: 301 daAuts
     D:9: 286 daAuts
     D:2: 233 daAuts
     D:3: 165 daAuts
     D:1: 154 daAuts
  Temple: 73 daAuts
    D:12: 59 daAuts
    D:11: 53 daAuts
    D:10: 21 daAuts
